 Dungeon Crawl Stone Soup version 0.26.0-57-g60708a5e39 (webtiles) character file.

Game seed: 954167630709888232

(classic levelgen) 529 thiole the Sneak (level 7, 0/48 HPs)
             Began as an Octopode Hedge Wizard on Feb 1, 2021.
             Killed by nerve-wracking pain
             ... invoked by an orc priest
              (3 damage)
             ... on level 5 of the Dungeon.
             The game lasted 00:09:17 (4687 turns).

thiole the Sneak (Octopode Hedge Wizard)            Turns: 4687, Time: 00:09:17

Health: 0/48       AC:  9    Str:  9    XL:     7   Next: 23%
Magic:  10/11      EV: 13    Int: 24    God:
Gold:   159        SH:  0    Dex: 12    Spells: 11/12 levels left

rFire    . . .     SeeInvis .   g - +3 dagger (protect)
rCold    . . .     Faith    .   (no shield)
rNeg     + . .     Spirit   .   b - +1 hat
rPois    .         Reflect  .   (no amulet)
rElec    .         Harm     .   i - ring of positive energy
rCorr    .         Rampage  .   m - +6 ring of intelligence
Will     .....                  (no ring)
Stlth    ++++......             (no ring)
HPRegen  0.16/turn              (no ring)
MPRegen  0.12/turn              (no ring)
                                (no ring)
                                (no ring)

@: brilliant, protection aura
A: almost no armour, stealthy swim, amphibious, 8 rings, constrict 8, camouflage
1, gelatinous body 1
a: no special abilities


You were on level 5 of the Dungeon.
You visited 1 branch of the dungeon, and saw 5 of its levels.

You collected 159 gold pieces.

Inventory:

Hand Weapons
 g - a +3 dagger of protection (weapon)
Missiles
 f - 34 poisoned darts
Armour
 b - a +1 hat (worn)
Magical Staves
 l - an uncursed staff of earth {unknown}
Jewellery
 e - an uncursed amulet of regeneration {unknown}
 i - a ring of positive energy (left tentacle)
 m - a +6 ring of intelligence (right tentacle)
Scrolls
 a - a scroll of noise {unknown}
 h - 3 scrolls of remove curse {unknown}
 j - a scroll of amnesia {unknown}
 n - 2 scrolls of blinking {unknown}
Potions
 c - a potion of cancellation
 d - a potion of magic
 o - 2 potions of flight


   Skills:
 - Level 4.0 Fighting
 - Level 4.0 Short Blades
 + Level 2.3 Dodging
 - Level 5.0 Stealth
 - Level 3.0 Spellcasting
 - Level 3.0 Conjurations
 - Level 1.0 Summonings
 - Level 1.0 Translocations


You had 11 spell levels left.
You knew the following spells:

 Your Spells              Type           Power        Failure   Level
a - Magic Dart            Conj           100%         3%          1

Your spell library contained the following spells:

 Spells                   Type           Power        Failure   Level
 Blink                    Tloc           N/A          11%         2
 Call Imp                 Summ           12%          11%         2
 Slow                     Hex            5%           16%         2
 Conjure Flame            Conj/Fire      16%          17%         3
 Mephitic Cloud           Conj/Pois/Air  12%          22%         3


Dungeon Overview and Level Annotations

Branches:
Dungeon (5/15)
 Temple: D:4-7

Altars:
Elyvilon
Qazlal
Trog
Wu Jian


Innate Abilities, Weirdness & Mutations

You cannot wear most types of armour.
You are very stealthy in the water. (Stealth+)
You are amphibious.
You can wear up to eight rings at the same time.
You can use your tentacles to constrict eight enemies at once.
Your skin changes colour to match your surroundings (Stealth+).
Your rubbery body absorbs attacks. (AC +1, EV +1)


Message History

The puff of flame hits you!
* * * LOW HITPOINT WARNING * * *
The orc wizard gestures at itself while chanting.
The orc wizard flickers and vanishes!
Deactivating autopickup; reactivate with Ctrl-A.
You hear some strange, mumbled words.
You hit the orc.
Your weapon exudes an aura of protection.
You grab the orc.
The orc is heavily wounded.
You constrict the orc, but do no damage.
The orc closely misses you.
You hit the orc.
You kill the orc!
A magic dart appears from out of thin air!
The magic dart hits you but does no damage.
Something hits you but does no damage.
The orc priest mumbles some strange prayers to Beogh against you.
Pain shoots through your body!
You die...

# ### .# ####.####
...
#.#.......###.....
#.................
##.#..o#.##.)....
# ##..).@...#.. #.
#.##)####....
#.##.##[# .
#......)#
###?..### #...#
#...# .##
#####...####
....##...........#


You could see an orc priest.

Vanquished Creatures
  An ogre (D:4)
  A howler monkey (D:5)
  A bullfrog skeleton (D:5)
  4 orc wizards
  An iguana (D:5)
  2 worker ants (D:5)
  A howler monkey zombie (D:5)
  6 adders
  2 oozes
  4 worms
  2 dart slugs
  2 leopard geckos
  19 orcs
  9 bats
  A giant cockroach (D:3)
  12 goblins
  5 hobgoblins
  7 jackals (D:4)
  6 frilled lizards
  12 kobolds
  A leopard gecko skeleton (D:4)
  6 rats
105 creatures vanquished.

Notes
Turn   | Place    | Note
-------+----------+-------------------------------------------
     0 | D:1      | thiole the Octopode Hedge Wizard began the quest for the
                  | Orb.
     0 | D:1      | Reached XP level 1. HP: 11/11 MP: 4/4
   337 | D:1      | Reached XP level 2. HP: 17/17 MP: 6/6
   785 | D:1      | Reached XP level 3. HP: 20/21 MP: 7/7
  1594 | D:2      | Reached skill level 1 in Fighting
  1856 | D:2      | Found a bloodstained altar of Trog.
  2035 | D:2      | Reached XP level 4. HP: 29/29 MP: 1/8
  2364 | D:3      | Reached skill level 1 in Short Blades
  2540 | D:3      | Reached skill level 3 in Stealth
  2555 | D:3      | Reached skill level 4 in Stealth
  2555 | D:3      | Reached XP level 5. HP: 5/34 MP: 4/9
  3287 | D:3      | Found an ornate altar of the Wu Jian Council.
  3465 | D:4      | Found a white marble altar of Elyvilon.
  3591 | D:4      | Reached skill level 5 in Stealth
  3858 | D:4      | Noticed an ogre
  3882 | D:4      | Killed an ogre
  3883 | D:4      | Reached XP level 6. HP: 18/39 MP: 10/10
  4200 | D:4      | Found a stormy altar of Qazlal.
  4227 | D:5      | Entered Level 5 of the Dungeon
  4625 | D:5      | Reached XP level 7. HP: 46/46 MP: 11/11
  4678 | D:5      | HP: 1/48 [orc wizard/puff of flame (7)]
  4687 | D:5      | Killed from afar by an orc priest

Illustrated notes

Levels and vault maps discovered:
D:1:      giann_forest_graveyard, layout_basic, chequers_serial_rivers_small_3
D:2:      layout_rooms, nicolae_overflow_crystal_walls, minmay_tetromino_o4
D:3:      layout_loops_ring, marbit_many_paths
D:4:      layout_basic, elyvilon_altar_4, nicolae_overflow_hidden_temple
D:5:      layout_loops_cross, yredelemnul_altar_generic

Skill      XL: |  1  2  3  4  5  6  7 |
---------------+----------------------+-----
Conjurations   | 2 3 |  3.0
Fighting       | 2 3 4 |  4.0
Short Blades   | 1 3 4 |  4.0
Stealth        | 4 5 |  5.0
Dodging        | |  2.3
Spellcasting   | |  3.0
Summonings     | |  1.0
Translocations | |  1.0

Action                   |  1- 3 |  4- 6 |  7- 9 || total
-------------------------+-------+-------+-------++-------
Melee: Dagger            |    37 |   113 |    25 ||   175
       Constrict         |    13 |    23 |     6 ||    42
       Tentacles         |     6 |    24 |     4 ||    34
 Cast: Magic Dart        |    69 |    47 |     3 ||   119
  Use: Scroll            |       |    10 |       ||    10
       Potion            |       |     3 |     1 ||     4
 Stab: Sleeping          |     1 |     8 |     1 ||    10
Armor: Skin              |     3 |    26 |    11 ||    40
Dodge: Dodged            |    21 |    58 |    15 ||    94
